 Dungeon Crawl Stone Soup version 0.30.0-29-ga12c61a403 (webtiles) character file.

Game seed: 17596508258401278701

81 Descartes the Shield-Bearer (level 4, 0/37 HPs)
             Began as a Formicid Fighter on June 21, 2023.
             Slain by an emperor scorpion (14 damage)
             ... on level 1 of the Abyss.
             The game lasted 00:01:46 (1080 turns).

Descartes the Shield-Bearer (Formicid Fighter)      Turns: 1080, Time: 00:01:47

Health: 0/37       AC:  8    Str: 22    XL:     4   Next: 67%
Magic:  4/4        EV:  9    Int:  8    God:
Gold:   76         SH:  5    Dex: 13    Spells: 3/3 levels left

rFire   . . .        a - +0 war axe
rCold   . . .        c - +0 buckler
rNeg    . . .        b - +0 scale mail
rPois   .            (helmet unavailable)
rElec   .            (no cloak)
rCorr   .            (no gloves)
SInv    +            o - +0 pair of boots
Will    .....        (no amulet) Stlth
                     (no ring)
HPRegen 0.26/turn    (no ring)
MPRegen 0.09/turn

%: no passive effects
@: mighty
A: permanent stasis, dig shafts and tunnels, antennae 3, four strong arms
a: Dig, Shaft Self


You were on level 1 of the Abyss.
You visited 1 branch of the dungeon, and saw 2 of its levels.
You visited the Abyss 1 time.

You collected 76 gold pieces.

Inventory:

Hand Weapons
 a - a +0 war axe (weapon)
Armour
 b - a +0 scale mail (worn)
 c - a +0 buckler (worn)
 o - a +0 pair of boots (worn)
Scrolls
 e - a scroll of amnesia {unknown}
 f - a scroll of blinking {unknown}
 g - a scroll of identify {unknown}
 i - a scroll of magic mapping {unknown}
 j - a scroll of immolation {unknown}
 k - a scroll of fear {unknown}
 l - a scroll of enchant weapon {unknown}
 m - 2 scrolls of teleportation {unknown}
 n - a scroll of enchant armour {unknown}
Potions
 h - a potion of curing {unknown}


   Skills:
 + Level 3.8 Fighting
 + Level 2.6 Axes
 + Level 3.8 Armour
 + Level 4.7 Shields
 + Level 1.2 Translocations


You had 3 spell levels left.
You didn't know any spells.
Your spell library was empty.

Dungeon Overview and Level Annotations

Branches:
Dungeon (2/15)

Altars:

Annotations:
D:2 Sigmund


Innate Abilities, Weirdness & Mutations

You cannot be hasted, slowed, berserked, paralysed or teleported.
You can dig through walls and to a lower floor.
You have a pair of large antennae on your head. (SInv)
Your four strong arms can wield two-handed weapons with a shield.


Message History

No target in view!
No target in view!
Sigmund the Dreaded comes into view.
He is wielding a +2 scythe of distortion.
Sigmund casts a spell at you.
You are confused.
You feel very mighty all of a sudden.
You are too confused!
Sigmund says, "Your kind have come here before.
I understand now why.
You desire death..."
Sigmund casts a spell at you.
You are more confused.
Found 3 boomerangs and an ivory ring.
Sigmund barely misses you.
You see here a +0 pair of boots.
You bump into the rock wall.
Sigmund giggles. "Time to reap what you sow."
Sigmund barely misses you.
You barely miss Sigmund.
Sigmund hits you with a +2 scythe of distortion.
You miss Sigmund.
Sigmund hits you with a +2 scythe of distortion.
You are cast into the Abyss!
This branch contains the abyssal rune of Zot.
Beware, you cannot shaft yourself on this level.
Found a gateway leading deeper into the Abyss.
You're too confused to move!
You feel less confused.
An acid blob and an emperor scorpion come into view.
Found 109 gold pieces, a chain mail and a smoky golden potion.
There is a gateway leading deeper into the Abyss here.
You slash the emperor scorpion!
The emperor scorpion is lightly wounded.
The emperor scorpion closely misses you.
The emperor scorpion claws you. x2; The emperor scorpion stings you!
The emperor scorpion closely misses you.
The emperor scorpion claws you.
You hit the emperor scorpion.
The emperor scorpion is lightly wounded.
The emperor scorpion closely misses you.
The emperor scorpion claws you but does no damage.
The emperor scorpion claws you. The emperor scorpion stings you!
You die...

.....# #.{
#...# .# ♣#.
#..# {{. .!$
#..# #≈#~$#$
##..♣♣
≈#~#$$[
#..#.♣♣.....#
##.#..♣...♣
#...#s♣ { #..
♣@#
#.....♣..♣ {
#....P ♣..♣
....#.. ...♣
#..###.#.
##.. ##. ##
##


You could see an emperor scorpion.

Vanquished Creatures
  5 adders (D:2)
  A bat (D:2)
  An endoplasm (D:1)
  2 giant cockroaches (D:1)
  6 goblins
  7 hobgoblins
  5 kobolds
  A quokka (D:1)
  3 frilled lizards (D:1)
  A rat (D:1)
32 creatures vanquished.

Notes
Turn   | Place    | Note
-------+----------+-------------------------------------------
     0 | D:1      | Descartes the Formicid Fighter began the quest for the Orb.
     0 | D:1      | Reached XP level 1. HP: 18/18 MP: 1/1
   171 | D:1      | Reached XP level 2. HP: 19/24 MP: 2/2
   468 | D:1      | Reached XP level 3. HP: 24/29 MP: 3/3
   811 | D:1      | Found a faded altar of an unknown god.
   827 | D:1      | Found a faded altar of an unknown god.
   930 | D:2      | Reached skill level 1 in Translocations
   931 | D:2      | Reached XP level 4. HP: 35/37 MP: 4/4
  1061 | D:2      | Noticed Sigmund
  1068 | Abyss:1  | Cast into level 1 of the Abyss (Sigmund)
  1076 | Abyss:1  | Noticed an acid blob
  1076 | Abyss:1  | Noticed an emperor scorpion
  1080 | Abyss:1  | Slain by an emperor scorpion

Illustrated notes

Levels and vault maps discovered:
D:1:      lightli_arrival_statuegarden, layout_loops_ring,
          hellmonk_ecumenical_altar_the_god_not_taken, minmay_cut_off
D:2:      layout_loops_ring, uniq_sigmund
Abyss:1:  base: D:1, hangedman_abyss_theft

Skill      XL: |  1  2  3 |
---------------+----------+-----
Translocations | 1 |  1.2
Fighting       | |  3.8
Axes           | |  2.6
Armour         | |  3.8
Shields        | |  4.7

Action                     |  1- 3 |  4- 6 || total
---------------------------+-------+-------++-------
  Melee: War axe           |    80 |    21 ||   101
    Use: Potion            |       |     1 ||     1
 Armour: Scale mail        |    39 |    10 ||    49
  Dodge: Dodged            |    42 |    13 ||    55
  Block: Buckler           |    26 |     1 ||    27
